 Dungeon Crawl Stone Soup version 0.29.1-15-g9cfb28693d (webtiles) character file.

Game seed: 8684722818405831056

1542 Eitelfritz the Cleaver (level 8, -4/63 HPs)
             Began as a Hill Orc Fighter on Apr 22, 2023.
             Was a Follower of Hepliaklqana.
             Killed by nerve-wracking pain
             ... invoked by a shadow imp
              (14 damage)
             ... on level 5 of the Dungeon.
             The game lasted 00:12:45 (5930 turns).

Eitelfritz the Cleaver (Hill Orc Fighter)           Turns: 5930, Time: 00:12:46

Health: -4/63      AC: 11    Str: 21    XL:     8   Next: 87%
Magic:  11/11      EV: 25    Int:  8    God:    Hepliaklqana [*.....]
Gold:   270        SH:  4    Dex: 10    Spells: 7/7 levels left

rFire   + . .      SeeInvis .   a - +3 war axe
rCold   . . .      Faith    .   c - +0 buckler
rNeg    . . .      Spirit   .   C - +3 scale mail
rPois   .          Reflect  .   (no helmet)
rElec   .          Harm     .   h - +0 cloak
rCorr   .          Rampage  .   (no gloves)
Will    .....                   (no boots)
Stlth   ..........              r - amulet of the acrobat
HPRegen 0.20/turn               b - ring of protection from fire
MPRegen 0.12/turn               (no ring)

@: acrobatic
A: reduced essence
a: Renounce Religion, Recall Ancestor, Ancestor Identity


You were on level 5 of the Dungeon.
You worshipped Hepliaklqana.
Hepliaklqana was aware of your devotion.
You visited 2 branches of the dungeon, and saw 6 of its levels.
You also visited: Ossuary.

You collected 270 gold pieces.

Inventory:

Hand Weapons
 a - a +3 war axe (weapon)
 l - the +9 spear "Gidixif" {drain, Will+ Dex+2}
   (You found it on level 2 of the Dungeon)

   A truly terrible weapon, it drains the life of any living foe it strikes.
   Dex:       It affects your dexterity (+2).
   Will:      It increases your willpower.
 q - a +3 flail of protection
Missiles
 k - a curare-tipped dart
 t - 4 poisoned darts (quivered)
 B - 6 javelins
 F - a throwing net
Armour
 c - a +0 buckler (worn)
 e - a +0 chain mail
 h - a +0 cloak (worn)
 C - a +3 scale mail (worn)
Jewellery
 b - a ring of protection from fire (left hand)
 r - an amulet of the acrobat (around neck)
 y - a ring of wizardry
Scrolls
 o - 2 scrolls of teleportation
 s - a scroll of silence
 u - a scroll of identify
 v - 3 scrolls of amnesia {unknown}
 A - a scroll of magic mapping {unknown}
 D - 2 scrolls of noise {unknown}
Potions
 d - 3 potions of might
 f - 3 potions of flight
 g - a potion of magic {unknown}
 j - a potion of degeneration {unknown}
 m - 2 potions of resistance {unknown}
 n - 2 potions of brilliance {unknown}
 p - a potion of heal wounds {unknown}
 w - 2 potions of mutation {unknown}
 x - a potion of cancellation {unknown}
 z - a potion of haste {unknown}
 E - a potion of invisibility {unknown}


   Skills:
 + Level 6.1 Fighting
 + Level 9.8 Axes
 + Level 0.2 Throwing
 + Level 5.5 Armour
 + Level 1.9 Dodging
 + Level 0.6 Stealth
 + Level 4.4 Shields
 * Level 4.5 Invocations


You had 7 spell levels left.
You didn't know any spells.
Your spell library contained the following spells:

 Spells                   Type           Power      Damage    Failure   Level
 Shock                    Conj/Air       0%         1d3       82%         1
 Sublimation of Blood     Necr           0%         N/A       91%         2
 Wereblood                Tmut           0%         N/A       91%         2
 Swiftness                Air            0%         N/A       99%         3
 Airstrike                Air            0%         2d(0-16)  100%        4
 Summon Hydra             Summ           0%         N/A       100%        7


Dungeon Overview and Level Annotations

Branches:
Dungeon (5/15)             Temple (1/1) D:4         Ossuary (visited)

Altars:
Ashenzari
Cheibriados
Elyvilon
Fedhas
Gozag
Hepliaklqana
Kikubaaqudgha
Makhleb
Nemelex Xobeh
Okawaru
Qazlal
Ru
Sif Muna
Trog
Uskayaw
Vehumet
Xom
Yredelemnul
Zin
The Shining One

Shops:
D:1 (   D:2 (


Message History

The water moccasin bites you but does no damage.
The water moccasin closely misses you.
You slash the water moccasin!
The water moccasin is severely wounded.
You feel sick.
The water moccasin bites you but does no damage.
The shadow imp lashes its tail.
You closely miss the water moccasin.
The water moccasin is severely wounded.
You feel sick.
The water moccasin bites you but does no damage. x2
You miss the water moccasin.
The water moccasin is severely wounded.
You feel sick. The water moccasin bites you.
* * * LOW HITPOINT WARNING * * *
You hit the water moccasin.
The water moccasin is almost dead.
You feel sick. The water moccasin barely misses you.
The shadow imp grinds its teeth.
The water moccasin barely misses you.
You hit the water moccasin.
The water moccasin is almost dead.
You feel sick.
You are no longer poisoned.
The water moccasin bites you.
* * * LOW HITPOINT WARNING * * *
The shadow imp shouts, "Bolt, thou fobbing swag-bellied nert!"
You feel better. The water moccasin closely misses you.
The water moccasin barely misses you.
You hit the water moccasin.
You kill the water moccasin!
The shadow imp attacks as you move away!
The shadow imp hits you but does no damage.
The shadow imp grinds its teeth.
The shadow imp attacks as you move away!
The shadow imp barely misses you.
The white imp grins evilly.
The shadow imp gestures at you. Pain shoots through your body!
You die...

#.......#.##.......#
####......####.#####
######## #.# #.# #.#
#.# #.# #.# #@#
################.#
..........O.5W.5.#
################.#
###


You could see a shadow imp.

Vanquished Creatures
  A water moccasin (D:5)
  An ogre (D:5)
  A kobold brigand (D:5)
  3 elf zombies (Ossuary)
  A necrophage (D:3)
  2 scorpions
  2 centaur zombies (Ossuary)
  A human zombie (Ossuary)
  2 hounds
  2 jellies (D:2)
  A gnoll bouda (D:4)
  Jessica (D:2)
  3 iguanas (D:5)
  2 orc wizards
  2 hound zombies (Ossuary)
  3 mummies (Ossuary)
  7 gnolls (D:3)
  6 adders
  An ufetubus (D:5)
  An adder zombie (Ossuary)
  A worm (D:4)
  3 dart slugs
  17 orcs
  10 ball pythons
  14 endoplasms
  4 giant cockroaches
  6 goblins
  6 hobgoblins
  A jackal (D:5)
  4 quokkas
  5 bats
  2 frilled lizards
  A gnoll zombie (Ossuary)
  3 goblin zombies (Ossuary)
  3 hobgoblin zombies (Ossuary)
  7 jackal zombies (Ossuary)
  20 kobolds
  2 kobold zombies (Ossuary)
  7 quokka zombies (Ossuary)
  6 rats
  2 rat zombies (Ossuary)
167 creatures vanquished.

Vanquished Creatures (collateral kills)
  An ogre (D:5)
  A jelly (D:5)
  A hound (D:5)
  A gnoll (D:5)
4 creatures vanquished.

Vanquished Creatures (others)
  An ancestor (D:5)
  4 fungi (D:2)
  5 toadstools (D:2)
10 creatures vanquished.

Grand Total: 181 creatures vanquished

Notes
Turn   | Place    | Note
-------+----------+-------------------------------------------
     0 | D:1      | Eitelfritz the Hill Orc Fighter began the quest for the
                  | Orb.
     0 | D:1      | Reached XP level 1. HP: 19/19 MP: 1/1
   249 | D:1      | Reached XP level 2. HP: 14/27 MP: 2/2
   587 | D:1      | Reached skill level 3 in Axes
   712 | D:1      | Reached XP level 3. HP: 29/33 MP: 3/3
   766 | D:1      | Found a faded altar of an unknown god.
   992 | D:1      | Found Siumyitz's Weapon Emporium.
  1296 | D:2      | Found Hustruro's Antique Weapon Shop.
  1371 | D:2      | Identified the +9 spear "Gidixif" {drain, Will+ Dex+2}
  1396 | D:2      | Identified the +1 dagger "Erchit" {vorpal, MP+9}
  1410 | D:2      | Reached skill level 4 in Axes
  1410 | D:2      | Reached XP level 4. HP: 40/40 MP: 4/4
  1440 | D:2      | Noticed Jessica
  1452 | D:2      | Killed Jessica
  1807 | D:2      | Reached XP level 5. HP: 39/46 MP: 5/5
  1812 | D:2      | Reached skill level 5 in Axes
  2320 | D:3      | Reached skill level 1 in Dodging
  2648 | D:3      | Reached XP level 6. HP: 50/53 MP: 6/6
  2879 | D:3      | Reached skill level 6 in Axes
  3170 | D:4      | Found a staircase to the Ecumenical Temple.
  3216 | Temple   | Entered the Ecumenical Temple
  3390 | Temple   | Became a worshipper of Hepliaklqana the Forgotten
  3568 | D:3      | Reached XP level 7. HP: 31/57 MP: 7/7
  3710 | D:3      | Reached skill level 5 in Fighting
  3710 | D:3      | Reached skill level 1 in Invocations
  4028 | D:4      | Reached skill level 7 in Axes
  4318 | D:5      | Entered Level 5 of the Dungeon
  4422 | D:5      | Reached skill level 5 in Armour
  4455 | D:5      | Found a sand-covered staircase.
  4469 | Ossuary  | Entered an ossuary
  4797 | Ossuary  | Reached skill level 8 in Axes
  4797 | Ossuary  | Reached XP level 8. HP: 68/69 MP: 10/10
  4891 | Ossuary  | Reached * piety under Hepliaklqana
  5090 | D:5      | Reached skill level 9 in Axes
  5852 | D:5      | HP: 3/63 [poisoned by a water moccasin]
  5920 | D:5      | HP: 3/63 [water moccasin (2)]
  5930 | D:5      | Killed from afar by a shadow imp

Illustrated notes

Levels and vault maps discovered:
D:1:      minmay_arrival_shattered_statue, layout_loops_ring, serial_shops,
          shop_statue, dreamdust_ecumenical_altar_angels_and_demons
D:2:      cheibrodos_fertilizer, layout_rooms, serial_shops, shop, uniq_jessica
D:3:      layout_basic
D:4:      layout_cave_pools, minmay_temple_entry_mini_moons
D:5:      minmay_diamond_boxcup, layout_basic, nicolae_ossuary_entry_monument,
          minmay_misc_feat_hallway, cheibrodos_gnoll_hut
Temple:   nicolae_temple_bog_church

Skill      XL: |  1  2  3  4  5  6  7  8 |
---------------+-------------------------+-----
Axes           | 3 4 5 6 8 9 |  9.8
Fighting       | 4 5 6 |  6.1
Armour         | 4 5 |  5.5
Dodging        | 1 |  1.9
Invocations    | 2 4 |  4.5
Shields        | 4 |  4.4
Throwing       | |  0.2
Stealth        | |  0.6

Action                   |  1- 3 |  4- 6 |  7- 9 || total
-------------------------+-------+-------+-------++-------
Melee: War axe           |   104 |   174 |   228 ||   506
Throw: Dart              |       |       |     8 ||     8
Invok: Recall Ancestor   |       |       |     1 ||     1
  Use: Scroll            |       |     9 |     1 ||    10
       Potion            |       |       |     3 ||     3
 Stab: Distracted        |       |       |     1 ||     1
Armor: Scale mail        |    52 |    73 |    95 ||   220
Dodge: Dodged            |    48 |    74 |   138 ||   260
Block: Buckler           |    23 |    25 |    48 ||    96
